TOP OF THE 1ST |
Penquannock Overrated Jeter batting - Pitching for Butler White Sox : RHP Dan Bailey
|
Pitching: RHP Dan Bailey
|
|
Batting: SHB Martin Goodwin
|
0-0: Ball 1-0: Swinging Strike 1-1: Fly out, F9 (Flyball, 9D)
|
Batting: LHB Francisco Medina
|
0-0: Ball 1-0: Called Strike 1-1: Swinging Strike 1-2: TRIPLE (Line Drive, 89D)
|
Batting: RHB Gary Wyatt
|
0-0: Swinging Strike 0-1: Ball 1-1: Ball 2-1: Ball 3-1: Foul Ball, location: 2F 3-2: Base on Balls
|
Batting: LHB Félix Costa
|
0-0: Ball 1-0: Fielders Choice at 2nd, 1-6 (Groundball, 13)
|
Batting: SHB Cristián López
|
0-0: Ball 1-0: Ball 2-0: Ball 3-0: Base on Balls Félix Costa to second
|
Batting: RHB Manny Perea
|
0-0: Called Strike 0-1: Foul Ball, location: 2F 0-2: Strikes out looking
|
Top of the 1st over - 0 runs, 1 hit, 0 errors, 3 left on base; Penquannock 0 - Butler 0 |
BOTTOM OF THE 1ST |
Butler White Sox batting - Pitching for Penquannock Overrated Jeter : LHP Brian Hodges
|
Pitching: LHP Brian Hodges
|
|
Batting: RHB Luis Fuentes
|
0-0: Called Strike 0-1: Ball 1-1: Ground out 6-3 (Groundball, 56)
|
Batting: RHB Ángel Serrano
|
0-0: Hit by Pitch
|
Batting: RHB Miguel Sánchez
|
0-0: Foul Ball, location: 2F 0-1: Ball 1-1: Ball 2-1: Ball 3-1: Swinging Strike 3-2: Foul Ball, location: 2F 3-2: Strikes out looking
|
Batting: RHB Bobby Murdock
|
0-0: Swinging Strike 0-1: Foul Ball, location: 2F 0-2: Foul Ball, location: 2F 0-2: Ball 1-2: Foul Ball, location: 2F 1-2: Ball 2-2: Fly out, F9 (Flyball, 9S)
|
Bottom of the 1st over - 0 runs, 0 hits, 0 errors, 1 left on base; Penquannock 0 - Butler 0 |
TOP OF THE 2ND |
Penquannock Overrated Jeter batting - Pitching for Butler White Sox : RHP Dan Bailey
|
Batting: LHB José Morales
|
0-0: Foul Ball, location: 2F 0-1: Ball 1-1: SINGLE (Groundball, 5D)
|
Batting: RHB Phil Wright
|
0-0: Ball 1-0: SINGLE (Groundball, 6MD) José Morales to second
|
Batting: RHB Bobby Hendricks
|
0-0: Foul Ball, location: 2F 0-1: Ball 1-1: Foul Ball, location: 2F 1-2: Ball 2-2: Fly out, F8 (Flyball, 8RM)
|
Batting: SHB Martin Goodwin
|
0-0: Ball 1-0: Foul Ball, location: 2F 1-1: Foul Ball, location: 2F 1-2: Strikes out swinging
|
Batting: LHB Francisco Medina
|
0-0: Foul Ball, location: 2F 0-1: Ball 1-1: Ground out 1-3 (Groundball, 13S)
|
Top of the 2nd over - 0 runs, 2 hits, 0 errors, 2 left on base; Penquannock 0 - Butler 0 |
BOTTOM OF THE 2ND |
Butler White Sox batting - Pitching for Penquannock Overrated Jeter : LHP Brian Hodges
|
Batting: LHB Josh Pérez
|
0-0: Ball 1-0: Swinging Strike 1-1: Ball 2-1: Ball 3-1: Called Strike 3-2: Ground out 4-3 (Groundball, 34)
|
Batting: RHB James Richardson
|
0-0: Ball 1-0: Ball 2-0: Ground out 5-3 (Groundball, 5L)
|
Batting: LHB Thomas Dixon
|
0-0: Foul Ball, location: 2F 0-1: Foul Ball, location: 2F 0-2: Ball 1-2: Foul Ball, location: 2F 1-2: Fly out, F8 (Line Drive, 8RD)
|
Bottom of the 2nd over - 0 runs, 0 hits, 0 errors, 0 left on base; Penquannock 0 - Butler 0 |
TOP OF THE 3RD |
Penquannock Overrated Jeter batting - Pitching for Butler White Sox : RHP Dan Bailey
|
Batting: RHB Gary Wyatt
|
0-0: Called Strike 0-1: Ball 1-1: Ball 2-1: Ground out 6-3 (Groundball, 6)
|
Batting: LHB Félix Costa
|
0-0: Called Strike 0-1: Foul Ball, location: 2F 0-2: Ball 1-2: Ball 2-2: Ball 3-2: Base on Balls
|
Batting: SHB Cristián López
|
0-0: Ball Félix Costa is caught stealing 2nd base 1-0: Ball 2-0: Swinging Strike 2-1: Fly out, F8 (Flyball, 8RD)
|
Top of the 3rd over - 0 runs, 0 hits, 0 errors, 0 left on base; Penquannock 0 - Butler 0 |
BOTTOM OF THE 3RD |
Butler White Sox batting - Pitching for Penquannock Overrated Jeter : LHP Brian Hodges
|
Batting: RHB Ramón Maldonado
|
0-0: Ball 1-0: Ball 2-0: SINGLE (Line Drive, 89S)
|
Batting: RHB Júlio Hernández
|
0-0: Fielders Choice at 2nd, 5-4 (Groundball, 5)
|
Batting: RHB Luis Fuentes
|
0-0: Called Strike 0-1: Ball 1-1: SINGLE (Groundball, 56D) Júlio Hernández to second
|
Batting: RHB Ángel Serrano
|
0-0: Called Strike 0-1: Ball 1-1: Ball 2-1: Swinging Strike 2-2: Grounds into double play, 1-6-3 (Groundball, P)
|
Bottom of the 3rd over - 0 runs, 2 hits, 0 errors, 1 left on base; Penquannock 0 - Butler 0 |
TOP OF THE 4TH |
Penquannock Overrated Jeter batting - Pitching for Butler White Sox : RHP Dan Bailey
|
Batting: RHB Manny Perea
|
0-0: Ball 1-0: Swinging Strike 1-1: Swinging Strike 1-2: Foul Ball, location: 2F 1-2: SINGLE (Flyball, 8LS)
|
Batting: LHB José Morales
|
0-0: Called Strike 0-1: Ball 1-1: Ball 2-1: DOUBLE (Line Drive, 7D) Manny Perea to third
|
Batting: RHB Phil Wright
|
0-0: Called Strike 0-1: Ball 1-1: Foul Ball, location: 2F 1-2: Ball 2-2: Foul Ball, location: 2F 2-2: Ground out 5-3 (Groundball, 56S) Manny Perea scores José Morales to third
|
Batting: RHB Bobby Hendricks
|
0-0: Foul Ball, location: 2F 0-1: Ball 1-1: Ball 2-1: Foul Ball, location: 2F 2-2: Ball 3-2: Base on Balls
|
Batting: SHB Martin Goodwin
|
0-0: Called Strike 0-1: Called Strike 0-2: Strikes out swinging
|
Batting: LHB Francisco Medina
|
0-0: DOUBLE (Flyball, 9LD) José Morales scores Bobby Hendricks to third
|
Batting: RHB Gary Wyatt
|
0-0: Called Strike 0-1: Foul Ball, location: 2F 0-2: Ball 1-2: Strikes out swinging
|
Top of the 4th over - 2 runs, 3 hits, 0 errors, 2 left on base; Penquannock 2 - Butler 0 |
BOTTOM OF THE 4TH |
Butler White Sox batting - Pitching for Penquannock Overrated Jeter : LHP Brian Hodges
|
Batting: RHB Miguel Sánchez
|
0-0: Ball 1-0: Called Strike 1-1: Called Strike 1-2: Strikes out looking
|
Batting: RHB Bobby Murdock
|
0-0: Ball 1-0: Ball 2-0: Ball 3-0: Called Strike 3-1: Base on Balls
|
Batting: LHB Josh Pérez
|
0-0: Ball 1-0: Called Strike 1-1: Foul Ball, location: 2F 1-2: Strikes out looking
|
Batting: RHB James Richardson
|
0-0: Ball 1-0: Foul Ball, location: 2F 1-1: Ball 2-1: Foul Ball, location: 2F 2-2: Fielders Choice at 2nd, 6-4 (Groundball, 6)
|
Bottom of the 4th over - 0 runs, 0 hits, 0 errors, 1 left on base; Penquannock 2 - Butler 0 |
TOP OF THE 5TH |
Penquannock Overrated Jeter batting - Pitching for Butler White Sox : RHP Dan Bailey
|
Batting: LHB Félix Costa
|
0-0: Swinging Strike 0-1: Called Strike 0-2: Ball 1-2: Ground out 4-3 (Groundball, 4M)
|
Batting: SHB Cristián López
|
0-0: Ball 1-0: Ball 2-0: Ball 3-0: Called Strike 3-1: Called Strike 3-2: SINGLE (Groundball, 4MD)
|
Batting: RHB Manny Perea
|
0-0: Called Strike 0-1: Called Strike 0-2: Fly out, F7 (Line Drive, 78M)
|
Batting: LHB José Morales
|
0-0: Ball 1-0: Ball 2-0: Ball 3-0: Base on Balls Cristián López to second
|
Pitching: RHP Bartho Manshert
|
|
Batting: RHB Phil Wright
|
0-0: SINGLE (Flyball, 7S) Cristián López to third José Morales to second Runner from 3rd tries for Home, SAFE, throw made home
|
Batting: RHB Bobby Hendricks
|
0-0: Ball 1-0: Ball 2-0: Called Strike 2-1: Foul Ball, location: 2F 2-2: Foul Ball, location: 2F 2-2: Foul Ball, location: 2F 2-2: Foul Ball, location: 2F 2-2: Foul Ball, location: 2F 2-2: Foul Ball, location: 2F 2-2: Ball 3-2: Foul Ball, location: 2F 3-2: Fly out, F7 (Flyball, 7S)
|
Top of the 5th over - 1 run, 2 hits, 0 errors, 2 left on base; Penquannock 3 - Butler 0 |
BOTTOM OF THE 5TH |
Butler White Sox batting - Pitching for Penquannock Overrated Jeter : LHP Brian Hodges
|
Batting: LHB Thomas Dixon
|
0-0: Ball 1-0: Ball 2-0: Swinging Strike 2-1: Swinging Strike 2-2: Strikes out swinging
|
Batting: RHB Ramón Maldonado
|
0-0: Foul Ball, location: 2F 0-1: Called Strike 0-2: Strikes out looking
|
Batting: RHB Júlio Hernández
|
0-0: SINGLE (Line Drive, 56)
|
Batting: RHB Luis Fuentes
|
0-0: Called Strike 0-1: Ground out 4-3 (Groundball, 4)
|
Bottom of the 5th over - 0 runs, 1 hit, 0 errors, 1 left on base; Penquannock 3 - Butler 0 |
TOP OF THE 6TH |
Penquannock Overrated Jeter batting - Pitching for Butler White Sox : RHP Bartho Manshert
|
Batting: SHB Martin Goodwin
|
0-0: Ball 1-0: Ball 2-0: Called Strike 2-1: Ball 3-1: Foul Ball, location: 2F 3-2: Foul Ball, location: 2F 3-2: Base on Balls
|
Batting: LHB Francisco Medina
|
0-0: Foul Ball, location: 2F 0-1: Ball 1-1: Foul Ball, location: 2F 1-2: Foul Ball, location: 2F 1-2: Ball 2-2: Foul Ball, location: 2F 2-2: Ball 3-2: Foul Ball, location: 2F 3-2: Foul Ball, location: 2F 3-2: Base on Balls Martin Goodwin to second
|
Batting: RHB Gary Wyatt
|
0-0: Called Strike 0-1: Swinging Strike 0-2: Strikes out swinging
|
Batting: LHB Félix Costa
|
0-0: Ball 1-0: Called Strike 1-1: Fly out, F4 (Popup, 3DF)
|
Batting: SHB Cristián López
|
0-0: Foul Ball, location: 2F 0-1: Swinging Strike 0-2: Strikes out swinging
|
Top of the 6th over - 0 runs, 0 hits, 0 errors, 2 left on base; Penquannock 3 - Butler 0 |
BOTTOM OF THE 6TH |
Butler White Sox batting - Pitching for Penquannock Overrated Jeter : LHP Brian Hodges
|
Batting: RHB Ángel Serrano
|
0-0: Ball 1-0: Ball 2-0: Called Strike 2-1: Ball 3-1: Swinging Strike 3-2: Ground out 5-3 (Groundball, 56S)
|
Batting: RHB Miguel Sánchez
|
0-0: Called Strike 0-1: SINGLE (Line Drive, 9LS)
|
Pitching: LHP Brian Gunther
|
|
Batting: RHB Bobby Murdock
|
0-0: Called Strike 0-1: Ball 1-1: Foul Ball, location: 2F 1-2: Strikes out looking
|
Batting: LHB Josh Pérez
|
0-0: Ball 1-0: Ball 2-0: Called Strike 2-1: Swinging Strike 2-2: Ball 3-2: Base on Balls Miguel Sánchez to second
|
Batting: RHB James Richardson
|
0-0: Ball 1-0: Ball 2-0: DOUBLE (Line Drive, 8LXD) Miguel Sánchez scores Josh Pérez to third Runner from 3rd tries for Home, SAFE, no throw
|
Batting: LHB Thomas Dixon
|
0-0: Ball 1-0: Ball 2-0: Ground out 1-3 (Groundball, P)
|
Bottom of the 6th over - 2 runs, 2 hits, 0 errors, 1 left on base; Penquannock 3 - Butler 2 |
TOP OF THE 7TH |
Penquannock Overrated Jeter batting - Pitching for Butler White Sox : RHP Bartho Manshert
|
Batting: RHB Manny Perea
|
0-0: Called Strike 0-1: Foul Ball, location: 2F 0-2: Foul Ball, location: 2F 0-2: Ball 1-2: Ball 2-2: DOUBLE (Flyball, 8RXD)
|
Batting: LHB José Morales
|
0-0: Intentional Walk
|
Pitching: RHP Jorge Barrón
|
|
Batting: RHB Phil Wright
|
0-0: Foul Ball, location: 2F 0-1: Ball 1-1: Fielders Choice at 2nd, 6-4 (Groundball, 6) Manny Perea to third
|
Batting: RHB Bobby Hendricks
|
0-0: Called Strike Phil Wright steals 2nd base 0-1: Called Strike 0-2: Ball 1-2: Ball 2-2: Ball 3-2: Strikes out swinging
|
Batting: SHB Martin Goodwin
|
0-0: Ground out 4-3 (Groundball, 4M)
|
Top of the 7th over - 0 runs, 1 hit, 0 errors, 2 left on base; Penquannock 3 - Butler 2 |
BOTTOM OF THE 7TH |
Butler White Sox batting - Pitching for Penquannock Overrated Jeter : LHP Brian Gunther
|
Batting: RHB Ramón Maldonado
|
0-0: Called Strike 0-1: Called Strike 0-2: Strikes out swinging
|
Batting: RHB Júlio Hernández
|
0-0: Called Strike 0-1: Foul Ball, location: 2F 0-2: Ball 1-2: Foul Ball, location: 2F 1-2: Strikes out swinging
|
Batting: RHB Luis Fuentes
|
0-0: Ball 1-0: Ball 2-0: Called Strike 2-1: Ball 3-1: Ground out 4-3 (Groundball, 4)
|
Bottom of the 7th over - 0 runs, 0 hits, 0 errors, 0 left on base; Penquannock 3 - Butler 2 |
TOP OF THE 8TH |
Penquannock Overrated Jeter batting - Pitching for Butler White Sox : RHP Jorge Barrón
|
Batting: LHB Francisco Medina
|
0-0: Called Strike 0-1: Ball 1-1: Called Strike 1-2: Ball 2-2: Strikes out swinging
|
Batting: RHB Gary Wyatt
|
0-0: Ball 1-0: Foul Ball, location: 2F 1-1: Ball 2-1: Swinging Strike 2-2: Foul Ball, location: 2F 2-2: Ground out 5-3 (Groundball, 56S)
|
Batting: LHB Félix Costa
|
0-0: Foul Ball, location: 2F 0-1: Swinging Strike 0-2: Ball 1-2: Foul Ball, location: 2F 1-2: Foul Ball, location: 2F 1-2: Ball 2-2: Ground out 3-1 (Groundball, 34S)
|
Top of the 8th over - 0 runs, 0 hits, 0 errors, 0 left on base; Penquannock 3 - Butler 2 |
BOTTOM OF THE 8TH |
Butler White Sox batting - Pitching for Penquannock Overrated Jeter : LHP Brian Gunther
|
Batting: RHB Ángel Serrano
|
0-0: Foul Ball, location: 2F 0-1: Ball 1-1: Ground out 5-3 (Groundball, 56S)
|
Batting: RHB Miguel Sánchez
|
0-0: Ball 1-0: Ball 2-0: Called Strike 2-1: Swinging Strike 2-2: Foul Ball, location: 2F 2-2: Fly out, F7 (Flyball, 7)
|
Batting: RHB Bobby Murdock
|
0-0: Swinging Strike 0-1: Swinging Strike 0-2: Foul Ball, location: 2F 0-2: Strikes out swinging
|
Bottom of the 8th over - 0 runs, 0 hits, 0 errors, 0 left on base; Penquannock 3 - Butler 2 |
TOP OF THE 9TH |
Penquannock Overrated Jeter batting - Pitching for Butler White Sox : RHP Jorge Barrón
|
Pitching: RHP Steve Newman
|
|
Batting: SHB Cristián López
|
0-0: Ball 1-0: Ball 2-0: Ball 3-0: Base on Balls
|
Batting: RHB Manny Perea
|
0-0: Ball 1-0: Foul Ball, location: 2F 1-1: Foul Ball, location: 2F 1-2: Grounds into double play, 5-4-3 (Groundball, 56)
|
Batting: LHB José Morales
|
0-0: Ball 1-0: Ball 2-0: Called Strike 2-1: Fly out, F9 (Flyball, 9LM)
|
Top of the 9th over - 0 runs, 0 hits, 0 errors, 0 left on base; Penquannock 3 - Butler 2 |
BOTTOM OF THE 9TH |
Butler White Sox batting - Pitching for Penquannock Overrated Jeter : LHP Brian Gunther
|
Pinch Hitting: RHB Ed Keesee
|
0-0: Called Strike 0-1: Swinging Strike 0-2: Fly out, F7 (Line Drive, 7)
|
Batting: RHB James Richardson
|
0-0: Called Strike 0-1: Foul Ball, location: 2F 0-2: Fly out, F3 (Popup, 3SF)
|
Pinch Hitting: SHB José Durango
|
0-0: Ball 1-0: Called Strike 1-1: Swinging Strike 1-2: Strikes out swinging
|
Bottom of the 9th over - 0 runs, 0 hits, 0 errors, 0 left on base; Penquannock 3 - Butler 2 |
|